 Dungeon Crawl Stone Soup version 0.30-a0-39-g42789b21ef (webtiles) character file.

Game seed: 10414579457765341738

53 porpoise the Poker (level 3, -1/29 HPs)
             Began as a Merfolk Gladiator on Aug 28, 2022.
             Slain by Crazy Yiuf
             ... wielding a +3 quarterstaff of chaos
              (13 damage)
             ... on level 2 of the Dungeon.
             The game lasted 00:03:21 (1735 turns).

porpoise the Poker (Merfolk Gladiator)              Turns: 1735, Time: 00:03:21

Health: -1/29      AC:  6    Str: 16    XL:     3   Next: 87%
Magic:  3/3        EV: 13    Int:  7    God:
Gold:   44         SH:  0    Dex: 15    Spells: 2/2 levels left

rFire   . . .      SeeInvis .    a - +0 trident
rCold   . . .      Faith    .    (no shield)
rNeg    . . .      Spirit   .    b - +0 leather armour
rPois   .          Reflect  .    c - +0 helmet
rElec   .          Harm     .    i - +0 cloak
rCorr   .          Rampage  .    k - +0 pair of gloves
Will    .....                    (no boots)
Stlth   +.........               (no amulet)
HPRegen 0.09/turn                (no ring)
MPRegen 0.08/turn                (no ring)

@: lethally poisoned (-1 -> -13)
A: (nimble swimmer 2), mertail
a: no special abilities


You were on level 2 of the Dungeon.
You visited 1 branch of the dungeon, and saw 2 of its levels.

You collected 44 gold pieces.

Inventory:

Hand Weapons
 a - a +0 trident (weapon)
Missiles
 d - 3 throwing nets (quivered)
 e - a javelin
Armour
 b - a +0 leather armour (worn)
 c - a +0 helmet (worn)
 i - a +0 cloak (worn)
 k - a +0 pair of gloves (worn)
Jewellery
 j - an amulet of reflection
 l - a ring of magical power
Scrolls
 f - a scroll of enchant armour {unknown}
 g - a scroll of teleportation {unknown}
 h - a scroll of fear {unknown}
 m - a scroll of noise {unknown}
Potions
 n - 2 potions of might {unknown}
 o - a potion of flight {unknown}
 p - a potion of invisibility {unknown}


   Skills:
 + Level 3.5 Fighting
 + Level 5.2 Polearms
 - Level 2.0 Throwing
 - Level 4.0 Dodging


You had 2 spell levels left.
You didn't know any spells.
Your spell library was empty.

Dungeon Overview and Level Annotations

Branches:
Dungeon (2/15)

Altars:

Annotations:
D:2 Crazy Yiuf


Innate Abilities, Weirdness & Mutations

((You are very nimble when in or above water. (Stealth+, EV+, Speed+++)))
Your lower body shifts to a powerful aquatic tail in water.


Message History

n - 2 glowing golden potions (gained 1)
You see here a +0 leather armour.
p - a gluggy blue potion A ball python comes into view.
Found a stone staircase leading down.
The ball python hisses angrily.
You hit the ball python.
You kill the ball python!
No target in view!
There is a stone staircase leading down here.
A rat comes into view.
You reach to attack!
You hit the rat.
You kill the rat!
No target in view!
Partly explored, can't reach some places.
Partly explored, can't reach some places.
You see here 3 stones.
Really walk into that teleport trap?
You enter a teleport trap!
The teleport trap disappears.
Your surroundings suddenly seem different.
Things that are here:
a +0 club; a goblin skeleton You see here 3 stones.
Found a hammer.
Found a runed translucent door.
Crazy Yiuf shouts!
You open the door. You hit Crazy Yiuf but do no damage.
Crazy Yiuf hits you but does no damage.
You hit Crazy Yiuf.
Crazy Yiuf is moderately wounded.
Crazy Yiuf hits you with a +3 quarterstaff of chaos!
You are lethally poisoned!
You barely miss Crazy Yiuf.
Crazy Yiuf is moderately wounded.
You feel very sick. Crazy Yiuf closely misses you.
You hit Crazy Yiuf but do no damage.
Crazy Yiuf is moderately wounded.
You feel very sick.
Crazy Yiuf hits you with a +3 quarterstaff of chaos!
You die...

#.# #.# ##.#....# #.#
#.#
#.####...#...####.##
#.#
#.#.................
###
###########<.####..#
#..####..# #.....÷..#
######♣♣ ###
#.....)... #.....P♣♣
♣♣#..)# #.######.#
#.......♣♣♣♣@g...#
#.# #.#
#.#......♣..♣#...#
#.# #.# #.##..P.♣.♣♣♣
### #.# #.#
#.####♣♣♣♣♣ #.# #.#
#.#.# #.# #.#
#...##### #### #####
##.# ####...(.###..#
###.# #..#
#.............###<#.#
#.##
#.####.####......#..#
#)##


You could see Crazy Yiuf.

Vanquished Creatures
  Jessica (D:2)
  A bat (D:2)
  4 endoplasms
  3 goblins
  A hobgoblin (D:2)
  4 kobolds
  2 quokkas (D:1)
  3 ball pythons
  A frilled lizard (D:1)
  7 rats
27 creatures vanquished.

Notes
Turn   | Place    | Note
-------+----------+-------------------------------------------
     0 | D:1      | porpoise the Merfolk Gladiator began the quest for the Orb.
     0 | D:1      | Reached XP level 1. HP: 16/16 MP: 1/1
   372 | D:1      | Reached XP level 2. HP: 23/23 MP: 2/2
  1387 | D:2      | Noticed Jessica
  1392 | D:2      | Killed Jessica
  1393 | D:2      | Reached skill level 5 in Polearms
  1393 | D:2      | Reached XP level 3. HP: 28/29 MP: 3/3
  1727 | D:2      | Found a runed translucent door.
  1728 | D:2      | Noticed Crazy Yiuf
  1735 | D:2      | Slain by Crazy Yiuf

Illustrated notes

Levels and vault maps discovered:
D:1:      lemuel_arrival_muddy, layout_basic, serial_forest,
          infiniplex_forest_clump_double, infiniplex_forest_lined_room_2,
          infiniplex_forest_lined_corner, infiniplex_forest_straight_5,
          infiniplex_forest_zigzag_1, infiniplex_forest_corner_1,
          infiniplex_forest_lined_3, infiniplex_forest_lined_2,
          infiniplex_forest_clump_medium
D:2:      layout_loops_ring, uniq_jessica, uniq_crazy_yiuf_cottage

Skill      XL: |  1  2 |
---------------+-------+-----
Fighting       | 3 |  3.5
Polearms       | 5 |  5.2
Throwing       | |  2.0
Dodging        | |  4.0

Action                   || total
-------------------------++-------
Melee: Trident           ||    67
 Stab: Sleeping          ||     3
Armor: Leather armour    ||    13
Dodge: Dodged            ||    18

Table legend: (Time is in decaauts)
 A = Elapsed time spent in this place.
 B = Non-inter-level travel time spent in this place.
 C = Inter-level travel time spent in this place.
 D = Time resting spent in this place.
 E = Time spent auto-exploring this place.
 F = Levels seen in this place.
 G = Mean time per level.
                   A        B        C        D        E       F      G
               +--------+--------+--------+--------+--------+-----+--------+
         Total |   1735 |   1674 |     61 |    165 |   1306 |   2 |  867.5 |
       Dungeon |   1735 |   1674 |     61 |    165 |   1306 |   2 |  867.5 |
               +--------+--------+--------+--------+--------+-----+--------+

Top non-repeatable levels by time:
     D:1: 1063 daAuts
     D:2: 671 daAuts
